 Dungeon Crawl Stone Soup version 0.22.1-2-g9c5b331383 (webtiles) character file.

476 Gargoyl the Skirmisher (level 6, -1/52 HPs)
             Began as a Centaur Abyssal Knight on Dec 16, 2018.
             Was a Believer of Lugonu.
             Slain by a gnoll
             ... wielding a +0 halberd
              (2 damage)
             ... on level 4 of the Dungeon.
             The game lasted 00:04:56 (3992 turns).

Gargoyl the Skirmisher (Centaur Abyssal Knight)     Turns: 3992, Time: 00:04:56

Health: -1/52      AC: 10    Str: 15    XL:     6   Next: 84%
Magic:  17/17      EV:  2    Int: 15    God:    Lugonu [**....]
Gold:   135        SH:  0    Dex: 10    Spells: 5/5 levels left

rFire    . . .     SeeInvis .   a - +1 hand axe
rCold    . . .     Gourm    .   (no shield)
rNeg     . . .     Faith    .   n - +0 plate armour
rPois    .         Spirit   .   e - +0 helmet
rElec    .         Reflect  .   (no cloak)
rCorr    .         Harm     .   (no gloves)
MR       .....                  (no barding)
Stlth    ..........             (no amulet)
HPRegen  0.17/turn              b - ring of magical power
MPRegen  0.15/turn              l - +4 ring of intelligence

@: very quick
A: large, hooves 3, deformed body, speed 2, tough skin 3, wild magic 1
a: Depart the Abyss, Bend Space, Renounce Religion


You were on level 4 of the Dungeon.
You worshipped Lugonu.
Lugonu was pleased with you.
You were hungry.

You visited 1 branch of the dungeon, and saw 4 of its levels.
You visited the Abyss 1 time.

You collected 135 gold pieces.

Inventory:

Hand Weapons
 a - a +1 hand axe (weapon)
Missiles
 k - 5 tomahawks (quivered)
Armour
 e - a +0 helmet (worn)
 n - a +0 plate armour (worn)
Jewellery
 b - a ring of magical power (left hand)
 l - a +4 ring of intelligence (right hand)
Scrolls
 d - 5 scrolls of identify
 i - 7 scrolls of remove curse
 o - a scroll of fog
Potions
 f - a potion of haste
 g - a potion of lignification {unknown}
 h - a potion of heal wounds
 j - 2 potions of curing
 m - a potion of cancellation
Comestibles
 c - 3 rations


   Skills:
 + Level 4.2 Fighting
 + Level 4.1 Axes
 + Level 0.1 Throwing
 * Level 3.2 Armour
 + Level 1.1 Dodging
 * Level 3.5 Invocations


You had 5 spell levels left.
You didn't know any spells.
Your spell library was empty.

Dungeon Overview and Level Annotations

Branches:
Dungeon (4/15)             Temple (0/1) D:4

Altars:
Kikubaaqudgha
Xom

Shops:
D:4 }


Innate Abilities, Weirdness & Mutations

You have hooves in place of feet.
Armour fits poorly on your strangely shaped body.
You cover ground very quickly.
You have extremely tough skin. (AC +3)
Your spells are a little harder to cast, but a little more powerful.


Message History

a flail; a gnoll corpse You hit the gnoll.
Your kick misses the gnoll.
The gnoll is heavily wounded.
The gnoll hits you but does no damage. The gnoll hits you with a spear!
You closely miss the gnoll.
The gnoll is heavily wounded.
The gnoll hits you with a spear. The gnoll hits you but does no damage.
You hit the gnoll. You kick the gnoll.
The gnoll is almost dead.
The gnoll hits you with a spear.
* * * LOW HITPOINT WARNING * * *
The gnoll hits you from afar with a halberd!
* * * LOW HITPOINT WARNING * * *
You slash the gnoll!
You kill the gnoll!
Lugonu accepts your kill.
You closely miss the worker ant.
You kick the worker ant, but do no damage.
The gnoll hits you from afar with a halberd.
You die...

#$........#
+.........+
.........
....... .....
g.. #a# #@#
#####.#
#.....##
###.##...##
..........#
##..#...######.
#.............
#.###.########
#.....#


You could see a worker ant and a gnoll.

Vanquished Creatures
  Sigmund (D:3)
  An ogre (D:4)
  A hound (D:4)
  A worker ant (D:4)
  A worker ant zombie (D:3)
  3 gnolls (D:4)
  5 adders
  A shadow imp (D:3)
  2 oozes (D:2)
  An adder skeleton (D:4)
  2 worms (D:2)
  A leopard gecko (D:1)
  6 orcs
  3 bats
  4 giant cockroaches
  10 goblins
  3 hobgoblins
  2 quokkas
  A ball python zombie (D:3)
  7 frilled lizards
  A jackal zombie (D:3)
  6 kobolds
  A quokka zombie (D:3)
  8 rats
72 creatures vanquished.

Notes
Turn   | Place    | Note
-------+----------+-------------------------------------------
     0 | Abyss:1  | Gargoyl the Centaur Abyssal Knight began the quest for the
                  | Orb.
     0 | Abyss:1  | Reached XP level 1. HP: 19/19 MP: 2/2
     4 | Abyss:1  | Noticed a neqoxec
     5 | Abyss:1  | Gained mutation: Your spells are a little harder to cast,
                  | but a little more powerful. [a neqoxec]
     6 | Abyss:1  | Noticed a large abomination
     8 | Abyss:1  | Noticed an iron imp
     8 | Abyss:1  | Noticed a starcursed mass
    36 | Abyss:1  | Noticed a large abomination
    60 | Abyss:1  | Noticed a small abomination
    62 | D:1      | Escaped the Abyss
   539 | D:1      | Reached XP level 2. HP: 26/26 MP: 3/3
   803 | D:1      | Reached * piety under Lugonu
  1277 | D:2      | Found a shimmering altar of Xom.
  1289 | D:2      | Reached XP level 3. HP: 31/31 MP: 4/4
  1535 | D:2      | Found an ancient bone altar of Kikubaaqudgha.
  1714 | D:2      | Reached XP level 4. HP: 34/38 MP: 5/5
  2010 | D:3      | Reached ** piety under Lugonu
  2223 | D:3      | Noticed Sigmund
  2236 | D:3      | Killed Sigmund
  2236 | D:3      | Reached skill level 1 in Dodging
  2236 | D:3      | Reached XP level 5. HP: 17/46 MP: 7/7
  2716 | D:3      | Reached XP level 6. HP: 50/52 MP: 8/8
  3123 | D:4      | Found a staircase to the Ecumenical Temple.
  3859 | D:4      | Found Ronugoem's Gadget Shop.
  3990 | D:4      | HP: 1/52 [gnoll/halberd (13)]
  3992 | D:4      | Slain by a gnoll

Skill      XL: |  1  2  3  4  5  6 |
---------------+-------------------+-----
Axes           | 2 3 4 |  4.1
Armour         | 2 3 |  3.2
Fighting       | 4 |  4.2
Dodging        | 1 |  1.1
Invocations    | 3 |  3.5
Throwing       | |  0.1

Action                   |  1- 3 |  4- 6 || total
-------------------------+-------+-------++-------
Melee: Hand axe          |    89 |   160 ||   249
       Kick              |    16 |    34 ||    50
Throw: Tomahawk          |       |     4 ||     4
Invok: Depart the Abyss  |     1 |       ||     1
  Use: Scroll            |     3 |     7 ||    10
  Eat: Chunk             |     1 |     6 ||     7
Armor: Leather armour    |     8 |       ||     8
       Ring mail         |    33 |    20 ||    53
       Plate armour      |       |    88 ||    88
Dodge: Dodged            |    46 |    30 ||    76
